 Dungeon Crawl Stone Soup version 0.25-a0-84-g11f2770c52 (webtiles) character file.

Game seed: 17267587290944650357, levelgen mode: deterministic

31 Flugkiller the Cutter (level 3, 0/22 HPs)
             Began as a Deep Elf Abyssal Knight on Nov 7, 2019.
             Was a Believer of Lugonu.
             Killed by nerve-wracking pain
             ... invoked by Jessica
              (7 damage)
             ... on level 1 of the Dungeon.
             The game lasted 00:02:09 (1502 turns).

Flugkiller the Cutter (Deep Elf Abyssal Knight)     Turns: 1502, Time: 00:02:10

Health: 0/22       AC:  3    Str:  9    XL:     3   Next: 7%
Magic:  6/6        EV: 12    Int: 16    God:    Lugonu [**....]
Gold:   103        SH:  0    Dex: 15    Spells: 2/2 levels left

rFire    . . .     SeeInvis .   a - +1 short sword
rCold    . . .     Gourm    .   (no shield)
rNeg     . . .     Faith    .   b - +0 leather armour
rPois    .         Spirit   .   (no helmet)
rElec    .         Reflect  .   (no cloak)
rCorr    .         Harm     .   (no gloves)
MR       .....                  (no boots)
Stlth    ++........             (no amulet)
HPRegen  0.07/turn              (no ring)
MPRegen  0.10/turn              (no ring)

@: no status effects
A: no striking features
a: Depart the Abyss, Bend Space, Renounce Religion


You were on level 1 of the Dungeon.
You worshipped Lugonu.
Lugonu was pleased with you.
You were hungry.

You visited 1 branch of the dungeon, and saw 2 of its levels.
You visited the Abyss 1 time.

You collected 103 gold pieces.

Inventory:

Hand Weapons
 a - a +1 short sword (weapon)
Missiles
 d - 23 arrows
Armour
 b - a +0 leather armour (worn)
Scrolls
 g - a scroll of teleportation
 h - a scroll of random uselessness {unknown}
 i - a scroll of enchant armour {unknown}
 j - a scroll of immolation {unknown}
Potions
 e - 2 potions of flight {unknown}
 f - a potion of degeneration {unknown}
 k - a potion of haste {unknown}
 l - a potion of brilliance {unknown}
Comestibles
 c - 3 rations


   Skills:
 - Level 2.4 Fighting
 + Level 3.3 Short Blades
 - Level 0.7 Armour
 - Level 2.4 Dodging
 + Level 1.4 Stealth
 - Level 2.0 Invocations


You had 2 spell levels left.
You didn't know any spells.
Your spell library was empty.

Dungeon Overview and Level Annotations

Branches:
Dungeon (2/15)

Altars:

Annotations:
D:1 Jessica


Message History

The bat hits you.
Jessica shouts!
Found a stone staircase leading up.
You closely miss Jessica. The bat barely misses you. The bat misses you.
Jessica misses you. The bat hits you but does no damage.
The bat barely misses you. The bat closely misses you.
The kobold hits you with a +0 dagger. The bat completely misses you.
The bat completely misses you. The bat hits you but does no damage.
The bat closely misses you.
You closely miss the bat. The bat hits you but does no damage.
The bat closely misses you.
Jessica mumbles some strange words.
Jessica seems to speed up.
You hit the bat but do no damage. The bat barely misses you.
You closely miss the bat. The bat hits you. The bat hits you.
The bat misses you. The bat hits you.
There is a stone staircase leading up here.
Jessica shouts, "You're disturbing me!
I'll have to kill you!" The bat barely misses you.
You climb upwards.
There is a stone staircase leading down here.
Unknown command.
Unknown command.
You start resting.
You are feeling hungry.
You start resting.
HP restored.
You climb downwards.
Level annotation: Jessica The bat hits you but does no damage.
The kobold barely misses you. The kobold hits you with a +0 dagger.
There is a stone staircase leading up here.
The bat hits you but does no damage. Jessica barely misses you.
The kobold hits you with a +0 dagger.
You climb upwards.
There is a stone staircase leading down here.
Unknown command.
Unknown command.
Jessica looks very angry.
Jessica points at you and mumbles some strange words.
Pain shoots through your body!
* * * LOW HITPOINT WARNING * * *
Jessica misses you. Jessica gestures at you while chanting.
Pain shoots through your body!
You die...

#........## ##.......## ##
#############.#.# #.......# #
......#######.#.## ##.......## ##
#####.#..........###....(....###.
# #.#.#####.#.................. #
#.#.## #.##.#.######..###### #
#....####.##.#.# #........ #
#........>@..#.## ##.###### #
##...####.K.@...######.# # ##.##
###..#.........# # #.#
####.######### #.# #.#
#.##########.# #............#
##############


You could see Jessica and a kobold.

Vanquished Creatures
  2 oozes (D:1)
  A dart slug (D:1)
  4 bats (D:1)
  3 goblins (D:1)
  3 hobgoblins
  2 kobolds (D:1)
  2 frilled lizards
  2 rats
19 creatures vanquished.

Notes
Turn   | Place    | Note
-------+----------+-------------------------------------------
     0 | Abyss:1  | Flugkiller the Deep Elf Abyssal Knight began the quest for
                  | the Orb.
     0 | Abyss:1  | Reached XP level 1. HP: 13/13 MP: 4/4
    52 | Abyss:1  | Found a corrupted altar of Lugonu.
    63 | Abyss:1  | Found a corrupted altar of Lugonu.
    76 | Abyss:1  | Found a corrupted altar of Lugonu.
    97 | D:1      | Escaped the Abyss
   276 | D:1      | Reached XP level 2. HP: 15/18 MP: 5/5
   485 | D:1      | Reached skill level 3 in Short Blades
  1079 | D:1      | Reached skill level 1 in Stealth
  1151 | D:1      | Reached XP level 3. HP: 17/22 MP: 6/6
  1358 | D:2      | Noticed Jessica
  1369 | D:2      | Reached ** piety under Lugonu
  1502 | D:1      | Killed from afar by Jessica

Levels and vault maps discovered:
D:1:      minmay_arrival_four_circles, layout_loops_ring
D:2:      layout_rooms, serial_forest, infiniplex_forest_clump_medium,
          infiniplex_forest_lined_ring, infiniplex_forest_clump_medium,
          infiniplex_forest_straight_3, infiniplex_forest_3_way,
          infiniplex_forest_clump_medium, infiniplex_forest_lined_room_3,
          infiniplex_forest_clump_double, infiniplex_forest_straight_2,
          infiniplex_forest_fountain, uniq_jessica

Skill      XL: |  1  2 |
---------------+-------+-----
Short Blades   | 3 |  3.3
Stealth        | 1 |  1.4
Fighting       | |  2.4
Armour         | |  0.7
Dodging        | |  2.4
Invocations    | |  2.0

Action                   || total
-------------------------++-------
Melee: Short sword       ||    62
  Use: Scroll            ||     1
 Stab: Sleeping          ||     2
  Eat: Chunk             ||     1
Armor: Leather armour    ||    15
Dodge: Dodged            ||    40

Table legend:
 A = Non-vault XP
 B = Vault XP
 C = Vault XP percentage of total XP
 D = Non-vault monster count
 E = Vault monster count
 F = Vault count percentage of total count
                 A         B        C        D         E       F
            +---------+---------+-------+---------+---------+-------
      Total |      45 |       0 |   0.0 |      19 |       0 |   0.0
            +---------+---------+-------+---------+---------+-------
        D:1 |      41 |       0 |   0.0 |      16 |       0 |   0.0
        D:2 |       4 |       0 |   0.0 |       3 |       0 |   0.0
            +---------+---------+-------+---------+---------+-------
